 Dungeon Crawl Stone Soup version 0.30.1-11-g7821555f0a (webtiles) character file.

Game seed: 9190195020812580421

5538 Ekaitz the Zephyrmancer (level 10, -1/56 (59) HPs)
             Began as a Tengu Air Elementalist on Dec 22, 2023.
             Was a Believer of Vehumet.
             Slain by an orc warrior
             ... wielding a +0 halberd
              (13 damage)
             ... in a bailey.
             The game lasted 00:19:59 (9153 turns).

Ekaitz the Zephyrmancer (Tengu Air Elementalist)    Turns: 9153, Time: 00:19:59

HP:   -1/56 (59)    AC:  9    Str: 11    XL:     10   Next: 71%
MP:   20/28         EV: 17    Int: 20    God:    Vehumet [**....]
Gold: 365           SH:  0    Dex: 15    Spells: 4/19 levels left

rFire   . . .        d - +5 dagger of the Elven Halls {elec, Str+3}
rCold   . . .        (no shield)
rNeg    . . .        P - +0 steam dragon scales
rPois   .            (helmet restricted)
rElec   .            (no cloak)
rCorr   .            (no gloves)
SInv    .            (boots unavailable)
Will    .....        (no amulet)
Stlth   +++          h - +4 ring of protection
HPRegen 0.29/turn    B - ring of magical power
MPRegen 0.21/turn

%: no passive effects
@: flying quickly and evasively, drained, quick
A: beak, talons 3, nimble flight
a: Renounce Religion


You were in a bailey.
You worshipped Vehumet.
Vehumet was pleased with you.
You visited 2 branches of the dungeon, and saw 10 of its levels.
You also visited: Bailey.

You collected 589 gold pieces.
You spent 224 gold pieces at shops.

Inventory:

Hand Weapons
 d - the +5 dagger of the Elven Halls (weapon) {elec, Str+3}
   (You found it on level 3 of the Dungeon)

   Str:       It affects your strength (+3).
 p - a +0 dagger of venom
 N - a +4 dagger
 Q - a +1 sling of draining
Missiles
 m - 2 throwing nets
 s - 29 poisoned darts
 v - 6 curare-tipped darts
Armour
 P - +0 steam dragon scales (worn)
Magical Staves
 O - a staff of fire
Jewellery
 h - a +4 ring of protection (left hand)
 y - a ring of resist corrosion
 A - a ring of ice
 B - a ring of magical power (right hand)
Wands
 x - a wand of mindburst (3)
 J - a wand of flame (22)
 R - a wand of digging (7)
Scrolls
 c - 6 scrolls of teleportation
 e - 5 scrolls of identify {unknown}
 f - 3 scrolls of poison {unknown}
 o - 2 scrolls of silence {unknown}
 r - 4 scrolls of immolation {unknown}
 t - 2 scrolls of fog {unknown}
 w - a scroll of enchant armour {unknown}
 E - a scroll of amnesia {unknown}
 G - 2 scrolls of torment {unknown}
 K - 2 scrolls of enchant weapon {unknown}
 L - 2 scrolls of magic mapping {unknown}
Potions
 a - 2 potions of flight {unknown}
 b - 3 potions of magic
 g - 5 potions of heal wounds {unknown}
 i - 6 potions of curing
 j - 4 potions of brilliance {unknown}
 l - a potion of berserk rage {unknown}
 n - 3 potions of lignification {unknown}
 q - 3 potions of mutation {unknown}
 z - 3 potions of degeneration {unknown}
 D - 2 potions of attraction {unknown}
 F - 2 potions of might {unknown}
 H - a potion of ambrosia {unknown}


   Skills:
 * Level 5.2 Fighting
 + Level 2.0 Short Blades
 + Level 2.3 Armour
 * Level 5.6 Dodging
 + Level 3.9 Stealth
 + Level 5.4 Spellcasting
 + Level 6.6 Conjurations
 * Level 4.8 Necromancy
 * Level 10.9 Air Magic
 * Level 3.7 Poison Magic
 * Level 3.8 Evocations


You had 4 spell levels left.
You knew the following spells:

 Your Spells              Type           Power      Damage    Failure   Level
a - Shock                 Conj/Air       100%       1d9       1%          1
b - Static Discharge      Conj/Air       80%        2-6/arc   1%          2
c - Swiftness             Air            49%        N/A       1%          3
d - Airstrike             Air            24%        2d(4-20)  1%          4
e - Mephitic Cloud        Conj/Pois/Air  33%        N/A       1%          3
r - Cigotuvi's Dreadful   Necr/Pois/Air  62%        N/A       1%          2

Your spell library contained the following spells:

 Spells                   Type           Power      Damage    Failure   Level
 Momentum Strike          Conj/Tloc      36%        3d9       4%          2
 Stone Arrow              Conj/Erth      36%        3d9       9%          3
 Apportation              Tloc           10%        N/A       11%         1
 Sandblast                Erth           10%        2d5       11%         1
 Dispel Undead            Necr           24%        3d12      16%         4
 Passwall                 Tmut/Erth      4%         N/A       17%         2
 Frozen Ramparts          Ice            10%        1d2       32%         3
 Summon Guardian Golem    Hex/Summ       5%         N/A       32%         3
 Ice Form                 Ice/Tmut       5%         N/A       73%         4
 Leda's Liquefaction      Hex/Erth       2%         N/A       73%         4
 Summon Ice Beast         Ice/Summ       5%         N/A       73%         4
 Alistair's Intoxication  Tmut/Pois      8%         N/A       82%         5
 Death Channel            Necr           12%        N/A       93%         6
 Summon Mana Viper        Hex/Summ       5%         N/A       97%         5
 Orb of Destruction       Conj           16%        9d7       99%         7
 Monstrous Menagerie      Summ           2%         N/A       100%        7
 Spellforged Servitor     Conj/Summ      9%         N/A       100%        7


Dungeon Overview and Level Annotations

Branches:
Dungeon (9/15)             Temple (1/1) D:6          Bailey (1/1)
   Lair: D:8-11         Orc: D:9-12

Altars:
Ashenzari
Cheibriados
Dithmenos
Elyvilon
Fedhas
Gozag
Hepliaklqana
Kikubaaqudgha
Makhleb
Nemelex Xobeh
Okawaru
Qazlal
Ru
Sif Muna
Trog
Uskayaw
Vehumet
Wu Jian
Xom
Yredelemnul
Zin
The Shining One

Shops:
D:7 [

Annotations:
D:2 1 runed translucent door, Crazy Yiuf
D:9 exclusion: ice statue


Innate Abilities, Weirdness & Mutations

You have a beak for a mouth.
You have claws for feet.
Your magical nature lets you fly swiftly and evasively.


Message History

Confirm with . or Enter, or press ? or * to list all spells.
The orc warrior is struck by an arc of lightning!
The orc warrior is moderately wounded.
You are struck by an arc of lightning.
The orc warrior is struck by an arc of lightning!
The orc warrior is heavily wounded.
The lightning grounds out.
The orc is struck by an arc of lightning.
The orc is heavily wounded.
The orc warrior is struck by an arc of lightning.
The orc warrior is heavily wounded.
The lightning grounds out.
The orc warrior is struck by an arc of lightning.
The orc warrior is severely wounded.
The orc warrior is struck by an arc of lightning.
The orc warrior is severely wounded.
You are struck by an arc of lightning.
The orc warrior is struck by an arc of lightning.
The orc warrior is almost dead.
The orc warrior is struck by an arc of lightning.
The orc warrior is severely wounded.
The lightning grounds out.
The orc warrior is struck by an arc of lightning.
You kill the orc warrior!
Vehumet accepts your kill.
You are struck by an arc of lightning.
* * * LOW HITPOINT WARNING * * *
The orc is struck by an arc of lightning.
The orc is severely wounded.
The lightning grounds out.
The orc warrior hits you with a +0 halberd.
* * * LOW HITPOINT WARNING * * *
The orc misses you.
The orc warrior hits you with a +0 halberd!
* * * LOW HITPOINT WARNING * * *
Unknown command.
It was a potion of curing.
You feel better. The orc warrior closely misses you.
The orc closely misses you.
The orc warrior hits you with a +0 halberd!
You die...

####### ####### ##
##.....## ##......
...#.......######.....#.
!!.'...##..#....#....###
!!.'....8..'....'.....8.
!!.'..o##..#....#....###
#.)o@...######...))#.
##..o).## ##...)).
####### #######


You could see 2 orc warriors and an orc.

Vanquished Creatures
  A two-headed ogre (D:9)
  An ice devil (D:9)
  A vampire (D:9)
  A wraith (D:9)
  4 yaks (D:8)
  3 steam dragons (D:8)
  4 water moccasins
  2 orc warriors (Bailey)
  A sky beast (D:8)
  2 black bears
  An ogre (D:5)
  4 centaurs
  2 kobold brigands
  5 bullfrogs
  3 scorpions
  6 wights
  6 killer bees (D:8)
  A howler monkey (D:8)
  3 orc priests
  4 hounds
  3 jellies
  A gnoll bouda (D:7)
  A sleepcap (D:4)
  5 iguanas
  Natasha (thrice) (D:2)
  2 orc wizards
  9 gnolls
  6 adders
  2 shadow imps
  A white imp (D:8)
  7 ufetubi
  A worm (D:3)
  A dart slug (D:1)
  30 orcs
  9 ball pythons
  3 endoplasms (D:1)
  6 giant cockroaches
  9 hobgoblins
  9 jackals
  3 bats
  4 frilled lizards
  7 goblins
  19 kobolds
  8 rats
204 creatures vanquished.

Vanquished Creatures (others)
  A human (D:6)
1 creature vanquished.

Grand Total: 205 creatures vanquished

Notes
Turn   | Place    | Note
-------+----------+-------------------------------------------
     0 | D:1      | Ekaitz the Tengu Air Elementalist began the quest for the
                  | Orb.
     0 | D:1      | Reached XP level 1. HP: 10/10 MP: 4/4
   227 | D:1      | Found a faded altar of an unknown god.
   297 | D:1      | Reached XP level 2. HP: 9/16 MP: 0/6
   610 | D:1      | Reached XP level 3. HP: 20/20 MP: 0/7
   613 | D:1      | Learned a level 2 spell: Static Discharge
   617 | D:1      | Learned a level 3 spell: Swiftness
  1686 | D:2      | Noticed Natasha
  1692 | D:2      | Killed Natasha
  1693 | D:2      | Reached skill level 1 in Fighting
  1693 | D:2      | Reached skill level 5 in Air Magic
  1693 | D:2      | Reached XP level 4. HP: 20/25 MP: 0/8
  1779 | D:2      | Noticed Natasha
  1788 | D:2      | Killed Natasha
  1870 | D:2      | Noticed Natasha
  1876 | D:2      | Killed Natasha
  1877 | D:2      | Gained mutation: Your magical nature lets you fly swiftly
                  | and evasively. [Tengu growth]
  1877 | D:2      | Reached XP level 5. HP: 7/29 MP: 0/9
  1974 | D:2      | Found a runed translucent door.
  1975 | D:2      | Noticed Crazy Yiuf
  2596 | D:3      | Identified the +5 dagger of the Elven Halls {elec, Str+3}
  2973 | D:3      | Reached XP level 6. HP: 35/35 MP: 2/11
  2986 | D:3      | Learned a level 4 spell: Airstrike
  3065 | D:3      | Found a sparkling altar of Nemelex Xobeh.
  3303 | D:4      | Found a glowing golden altar of the Shining One.
  3546 | D:4      | Found a hide-covered altar of Uskayaw.
  3645 | D:4      | Reached skill level 1 in Short Blades
  3956 | D:5      | Entered Level 5 of the Dungeon
  3982 | D:5      | Reached skill level 6 in Air Magic
  3982 | D:5      | Reached XP level 7. HP: 27/40 MP: 12/12
  3985 | D:5      | Learned a level 2 spell: Cigotuvi's Dreadful Rot
  4165 | D:5      | Reached skill level 1 in Necromancy
  4376 | D:5      | Reached skill level 1 in Evocations
  4831 | D:5      | Found a shimmering blue altar of Sif Muna.
  4831 | D:5      | Found a white marble altar of Elyvilon.
  5447 | D:6      | Reached skill level 1 in Poison Magic
  5539 | D:6      | Reached XP level 8. HP: 44/46 MP: 14/14
  5624 | D:6      | Found a staircase to the Ecumenical Temple.
  5631 | Temple   | Entered the Ecumenical Temple
  5648 | Temple   | Became a worshipper of Vehumet
  5690 | D:6      | Found an ancient bone altar of Kikubaaqudgha.
  5697 | D:6      | Reached skill level 7 in Air Magic
  6055 | D:6      | Reached skill level 5 in Conjurations
  6333 | D:7      | Found Qephu's Antique Armour Shoppe.
  6341 | D:7      | Bought a translucent leather armour for 224 gold pieces
  6341 | D:7      | Identified the +1 leather armour "Tumneol" {+Inv} (You
                  | bought it in a shop on level 7 of the Dungeon)
  6361 | D:7      | Got the Guide on Aeromancy and the Xenolith
  7068 | D:7      | Reached XP level 9. HP: 52/52 MP: 16/16
  7072 | D:7      | Learned a level 3 spell: Mephitic Cloud
  7363 | D:7      | Reached * piety under Vehumet
  7363 | D:7      | Offered knowledge of Kiss of Death by Vehumet.
  7364 | D:7      | Reached skill level 8 in Air Magic
  7835 | D:8      | Found a shadowy altar of Dithmenos.
  8017 | D:8      | Reached skill level 5 in Dodging
  8204 | D:8      | Reached skill level 9 in Air Magic
  8255 | D:8      | Reached XP level 10. HP: 58/58 MP: 18/18
  8322 | D:8      | Reached ** piety under Vehumet
  8322 | D:8      | Offered knowledge of Searing Ray by Vehumet.
  8323 | D:8      | Reached skill level 5 in Spellcasting
  8330 | D:8      | Reached skill level 10 in Air Magic
  8592 | D:9      | Noticed an ice statue
  8614 | D:9      | Noticed a two-headed ogre
  8619 | D:9      | Killed a two-headed ogre
  8678 | D:9      | Reached skill level 5 in Fighting
  8738 | D:9      | Found a flagged portal.
  8967 | Bailey   | Entered a bailey
  8999 | Bailey   | Offered knowledge of Momentum Strike by Vehumet.
  9152 | Bailey   | HP: 2/55 [orc warrior/+0 halberd (10)]
  9153 | Bailey   | Slain by an orc warrior

Illustrated notes

Levels and vault maps discovered:
D:1:      dpeg_cavernosity, layout_loops_cross,
          shapermc_ecumenical_altar_pompeii
D:2:      layout_basic, kennysheep_generic_room_4, uniq_natasha,
          uniq_crazy_yiuf_cottage
D:3:      layout_rooms, lemuel_round_altar
D:4:      layout_rooms, eat_drink_and_be_merry_uskayaw, lemuel_crystal_altar
D:5:      layout_layer_cave, gammafunk_temple_overflow_pools
D:6:      layout_cave_pods, tgw_kikubaaqudgha, minmay_temple_entry_proselytizer
D:7:      layout_loops_ring, serial_shops, shop, chequers_serial_rivers_room_a
D:8:      layout_loops_cross, mainiacjoe_overflow_tiny_flanked,
          serial_bayou_pond_b
D:9:      cheibrodos_frozen_isle, layout_gridville, enter_bailey_6
Temple:   hellmonk_temple_two_chambers
Bailey:   bailey_polearm_5, bailey

Skill      XL: |  1  2  3  4  5  6  7  8  9 10 |
---------------+-------------------------------+-----
Conjurations   | 2 3 4 6 |  6.6
Fighting       | 1 2 3 4 5 |  5.2
Air Magic      | 5 6 7 9 10 | 10.9
Dodging        | 3 4 5 |  5.6
Short Blades   | 1 2 |  2.0
Spellcasting   | 3 4 5 |  5.4
Stealth        | 3 |  3.9
Necromancy     | 1 3 4 |  4.8
Evocations     | 1 3 |  3.8
Poison Magic   | 1 3 |  3.7
Armour         | 2 |  2.3

Action                     |  1- 3 |  4- 6 |  7- 9 | 10-12 || total
---------------------------+-------+-------+-------+-------++-------
  Melee: Dagger            |    16 |    39 |    85 |    16 ||   156
         Kick              |     4 |     8 |    20 |     2 ||    34
         Peck              |     2 |     7 |    14 |     6 ||    29
         Punch             |       |       |     1 |       ||     1
   Cast: Shock             |    53 |    76 |   121 |    50 ||   300
         Static Discharge  |     6 |     4 |     9 |     6 ||    25
         Airstrike         |       |       |    16 |    18 ||    34
         Cigotuvi's Dreadf |       |       |       |     1 ||     1
  Evoke: Wand              |       |       |       |     2 ||     2
    Use: Scroll            |       |       |       |     1 ||     1
         Potion            |       |       |       |     1 ||     1
   Stab: Sleeping          |     6 |     7 |     1 |       ||    14
 Armour: Robe              |     3 |     7 |     5 |       ||    15
         Leather armour    |       |       |    23 |       ||    23
         Steam dragon scal |       |       |     6 |    12 ||    18
  Dodge: Dodged            |    16 |    23 |    99 |    33 ||   171
